 Dungeon Crawl Stone Soup version 0.27.0-65-ge2af304b15 (webtiles) character file.

Game seed: 6425784463119712193

68 Malachi the Chopper (level 4, -1/37 HPs)
             Began as a Ghoul Gladiator on Aug 19, 2021.
             Slain by a black bear (7 damage)
             ... on level 5 of the Dungeon.
             The game lasted 00:01:48 (1772 turns).

Malachi the Chopper (Ghoul Gladiator)               Turns: 1772, Time: 00:01:48

Health: -1/37      AC:  7    Str: 18    XL:     4   Next: 19%
Magic:  3/3        EV: 10    Int:  3    God:
Gold:   82         SH:  0    Dex: 10    Spells: 3/3 levels left

rFire    . . .     SeeInvis .   a - +0 war axe
rCold    + . .     Faith    .   (no shield)
rNeg     + + +     Spirit   .   g - +0 scale mail
rPois    ∞         Reflect  .   c - +0 helmet
rElec    .         Harm     .   (no cloak)
rCorr    .         Rampage  .   (no gloves)
Will     .....                  (no boots)
Stlth    ..........             (no amulet)
HPRegen  0.00/turn              (no ring)
MPRegen  0.08/turn              (no ring)

@: inhibited regen
A: claws 1, cold resistance 1, negative energy resistance 3, inhibited
regeneration, torment resistance 2
a: no special abilities


You were on level 5 of the Dungeon.
You visited 1 branch of the dungeon, and saw 4 of its levels.

You collected 82 gold pieces.

Inventory:

Hand Weapons
 a - a +0 war axe (weapon)
Missiles
 d - a throwing net (quivered)
Armour
 c - a +0 helmet (worn)
 g - a +0 scale mail (worn)
Jewellery
 h - an amulet of regeneration
Scrolls
 b - a scroll of immolation {unknown}
 f - 3 scrolls of identify {unknown}


   Skills:
 + Level 2.4 Fighting
 + Level 3.7 Axes
 + Level 1.8 Throwing
 + Level 1.0 Armour
 + Level 3.1 Dodging


You had 3 spell levels left.
You didn't know any spells.
Your spell library contained the following spells:

 Spells                   Type           Power      Damage    Failure   Level
 Ozocubu's Armour         Ice            0%         N/A       99%         3
 Ozocubu's Refrigeration  Ice            0%         4d5       100%        7


Dungeon Overview and Level Annotations

Branches:
Dungeon (5/15)
 Temple: D:4-7

Altars:


Innate Abilities, Weirdness & Mutations

You thrive by killing the living.
You are immune to poison.
You have sharp fingernails.
Your flesh is cold resistant. (rC+)
You are immune to negative energy. (rN+++)
You do not regenerate when monsters are visible.
You are immune to unholy pain and torment.


Message History

Press: ? - help, Dir - move target, f/p - black bear
Aim: a black bear (severely wounded, berserk, about 38% to evade your +0 war axe)
You closely miss the black bear.
The black bear is severely wounded.
The black bear bites you but does no damage.
The black bear closely misses you. The black bear claws you.
* * * LOW HITPOINT WARNING * * *
The black bear bites you.
* * * LOW HITPOINT WARNING * * *
The black bear claws you but does no damage.
The black bear claws you.
* * * LOW HITPOINT WARNING * * *
You aren't carrying any potions.
Throw: 3 throwing nets
Press: ? - help, Q - select action Shift-Dir - straight line, f/p - black bear
Aim: a black bear (severely wounded, berserk, 64% to hit)
You throw a throwing net. The throwing net hits the black bear.
The black bear is caught in the net!
The black bear is severely wounded.
The black bear struggles against the net.
The black bear struggles against the net. x2
The black bear struggles against the net.
The black bear struggles against the net.
The net rips apart, and the black bear comes free!
You hear a bark!
You hear an angry growl.
Throw: 2 throwing nets
Press: ? - help, Q - select action Shift-Dir - straight line, f/p - black bear
Aim: a black bear (severely wounded, berserk, 64% to hit)
You throw a throwing net. The throwing net hits the black bear.
The black bear is caught in the net!
The black bear is severely wounded.
The black bear struggles against the net.
The black bear struggles against the net. x2
The net rips apart, and the black bear comes free!
The black bear rages.
You closely miss the black bear.
The black bear is severely wounded.
The black bear bites you!
You die...

# ####.####
#<......###
#.##.##.#.##
#h##.##@...#.#.
#.##...h.......
#.#####.####.##
#.......#
#########


You could see a black bear (berserk).

Vanquished Creatures
  A hound skeleton (D:4)
  A worm (D:2)
  A dart slug (D:1)
  A bat (D:2)
  4 endoplasms
  2 giant cockroaches
  5 goblins
  6 hobgoblins
  4 jackals
  4 kobolds
  A quokka (D:2)
  4 ball pythons
  4 frilled lizards
  9 rats
47 creatures vanquished.

Notes
Turn   | Place    | Note
-------+----------+-------------------------------------------
     0 | D:1      | Malachi the Ghoul Gladiator began the quest for the Orb.
     0 | D:1      | Reached XP level 1. HP: 17/17 MP: 0/0
   251 | D:1      | Reached XP level 2. HP: 23/24 MP: 1/1
   651 | D:1      | Reached XP level 3. HP: 29/29 MP: 2/2
  1543 | D:2      | Found a faded altar of an unknown god.
  1543 | D:2      | Noticed a floating eye
  1545 | D:2      | Noticed a great orb of eyes
  1546 | D:2      | Noticed a floating eye
  1546 | D:2      | Noticed a great orb of eyes
  1728 | D:2      | You fall into a shaft and drop 2 floors!
  1734 | D:4      | Reached skill level 1 in Armour
  1738 | D:4      | Reached XP level 4. HP: 19/37 MP: 3/3
  1738 | D:4      | Noticed a black bear
  1752 | D:5      | Entered Level 5 of the Dungeon
  1772 | D:5      | Slain by a black bear

Illustrated notes

Levels and vault maps discovered:
D:1:      amcnicky_arrival_underground_garden, layout_loops_corners
D:2:      layout_loops_ring, hellmonk_ecumenical_altar_watching_god,
          basic_altar, minmay_misc_feat_enclosed, minivault_4, chequers_avenue,
          grunt_decor_mini_mirrors, minmay_hexomino_f4
D:4:      minmay_chambers_of_twos, layout_loops_ring,
          hangedman_decor_diamond_cutter, minmay_box_of_dots
D:5:      kennysheep_steamy, layout_loops_cross, nicolae_overflow_hidden_temple,
          uniq_menkaure

Skill      XL: |  1  2  3 |
---------------+----------+-----
Axes           | 3 |  3.7
Dodging        | 3 |  3.1
Armour         | 1 |  1.0
Fighting       | |  2.4
Throwing       | |  1.8

Action                   |  1- 3 |  4- 6 || total
-------------------------+-------+-------++-------
Melee: War axe           |   131 |     9 ||   140
Throw: Throwing net      |       |     2 ||     2
  Use: Potion            |       |     1 ||     1
Armor: Leather armour    |    30 |       ||    30
       Scale mail        |    29 |    14 ||    43
Dodge: Dodged            |    94 |    11 ||   105
